 Dungeon Crawl Stone Soup version 0.27.0-1-g7a089689b8 (webtiles) character file.

Game seed: 4409354537356454566

2144 Lochraine the Covert (level 9, -1/44 HPs)
             Began as a Spriggan Enchanter on Aug 12, 2021.
             Was a Follower of Sif Muna.
             Slain by a water moccasin (8 damage)
             ... on level 6 of the Dungeon.
             The game lasted 00:24:05 (9395 turns).

Lochraine the Covert (Spriggan Enchanter)           Turns: 9395, Time: 00:24:06

Health: -1/44      AC:  2    Str:  4    XL:     9   Next: 9%
Magic:  20/25      EV: 17    Int: 18    God:    Sif Muna [*.....]
Gold:   287        SH:  7    Dex: 17    Spells: 8/17 levels left

rFire    . . .     SeeInvis +   b - +2 rapier (flame)
rCold    . . .     Faith    .   l - +0 buckler
rNeg     . . .     Spirit   .   s - +0 robe
rPois    .         Reflect  .   (helmet restricted)
rElec    .         Harm     .   (no cloak)
rCorr    .         Rampage  .   (gloves unavailable)
Will     +....                  (boots unavailable)
Stlth    ++++......             (no amulet)
HPRegen  0.14/turn              j - ring of magical power
MPRegen  0.19/turn              (no ring)

@: lethally poisoned (-1 -> -13), very quick
A: very small, no large weapons, unfitting armour, see invisible, speed 3
a: Renounce Religion, Channel Magic


You were on level 6 of the Dungeon.
You worshipped Sif Muna.
Sif Muna was aware of your devotion.
You visited 1 branch of the dungeon, and saw 6 of its levels.

You collected 287 gold pieces.

Inventory:

Hand Weapons
 a - a +1 dagger
 b - a +2 rapier of flaming (weapon)
   (You took it off Eustachio on level 4 of the Dungeon)
 h - a +0 mace of holy wrath
   (You found it on level 3 of the Dungeon)
Missiles
 f - 242 stones
Armour
 l - a +0 buckler (worn)
   (You took it off a kobold on level 2 of the Dungeon)
 s - a +0 robe (worn)
Jewellery
 j - a ring of magical power (left hand)
   (You found it on level 1 of the Dungeon)
Wands
 d - a wand of iceblast (7)
   (You found it on level 2 of the Dungeon)
Scrolls
 c - 5 scrolls of teleportation {@r4}
 e - 6 scrolls of identify {@r1}
 g - 2 scrolls of amnesia
 k - a scroll of holy word {unknown}
 m - a scroll of enchant weapon {unknown}
 n - 3 scrolls of blinking
 p - 4 scrolls of noise {!r}
 q - a scroll of summoning {unknown}
 r - a scroll of enchant armour {unknown}
 u - a scroll of brand weapon {unknown}
 v - a scroll of fear {unknown}
Potions
 i - a potion of magic
 o - 2 potions of attraction {!q}
 t - 2 potions of flight


   Skills:
 + Level 3.1 Fighting
 + Level 5.8 Short Blades
 - Level 3.3 Dodging
 + Level 9.0 Stealth
 + Level 3.5 Shields
 - Level 4.6 Spellcasting
 + Level 7.3 Hexes
 - Level 2.1 Ice Magic


You had 8 spell levels left.
You knew the following spells:

 Your Spells              Type           Power      Damage    Failure   Level
a - Corona                Hex            33%        N/A       1%          1
b - Ensorcelled Hibernat  Hex/Ice        42%        N/A       3%          2
c - Confusing Touch       Hex            30%        N/A       2%          3
d - Tukima's Dance        Hex            30%        N/A       2%          3

Your spell library contained the following spells:

 Spells                   Type           Power      Damage    Failure   Level
 Freeze                   Ice            44%        1d6       8%          1
 Dazzling Flash           Conj/Hex       34%        N/A       12%         3
 Sandblast                Erth           8%         2d5       19%         1
 Frozen Ramparts          Ice            22%        1d4       22%         3
 Passwall                 Tmut/Erth      3%         N/A       26%         2
 Hailstorm                Conj/Ice       7%         3d4       75%         4
 Ice Form                 Ice/Tmut       7%         N/A       75%         4
 Summon Ice Beast         Ice/Summ       7%         N/A       75%         4
 Lee's Rapid Deconstruct  Erth           2%         3d5*      99%         5


Dungeon Overview and Level Annotations

Branches:
Dungeon (6/15)
 Temple: D:4-7

Altars:
Cheibriados
Okawaru
Ru
Sif Muna
Yredelemnul
The Shining One

Shops:
D:5 (

Annotations:
D:4 1 runed translucent door, Crazy Yiuf
D:5 Grinder


Innate Abilities, Weirdness & Mutations

You are very small and have problems with some larger weapons.
You are too small for most types of armour.
You have supernaturally acute eyesight. (SInv)
You cover ground extremely quickly. (Speed+++)


Message History

You puncture the bullfrog skeleton! You burn the bullfrog skeleton.
The bullfrog skeleton misses you.
You barely miss the bullfrog skeleton. The bullfrog skeleton hits you.
You hit the bullfrog skeleton. You burn the bullfrog skeleton.
You destroy the bullfrog skeleton!
Sif Muna accepts your kill.
No target in view!
Your +2 rapier of flaming stops flaming.
a - a +1 dagger (weapon)
You now have 254 gold pieces (gained 12).
You now have 265 gold pieces (gained 11).
You now have 275 gold pieces (gained 10).
You now have 287 gold pieces (gained 12).
A water moccasin comes into view.
You see here 14 gold pieces.
The water moccasin hisses angrily.
You hit the water moccasin. The water moccasin bites you.
Your +2 rapier of flaming bursts into flame!
b - a +2 rapier of flaming (weapon)
You hit the water moccasin. You burn the water moccasin.
The water moccasin misses you.
The water moccasin completely misses you.
Aim: a water moccasin (heavily wounded, chance to affect: 50%)
The water moccasin resists with some effort.
The water moccasin bites you!
You are poisoned.
The water moccasin poisons you!
You barely miss the water moccasin.
You feel sick. You block the water moccasin's attack.
You hit the water moccasin but do no damage.
You feel sick.
The water moccasin completely misses you.
You block the water moccasin's attack.
You miss the water moccasin.
You feel sick. The water moccasin bites you!
You hit the water moccasin. You burn the water moccasin.
You feel sick. You block the water moccasin's attack.
The water moccasin bites you.
* * * LOW HITPOINT WARNING * * *
Aim: a water moccasin (severely wounded, chance to affect: 50%)
The water moccasin resists with some effort.
You feel sick. The water moccasin bites you!
* * * LOW HITPOINT WARNING * * *
You are lethally poisoned!
The water moccasin poisons you!
Unknown command.
Aim: a water moccasin (severely wounded, chance to affect: 50%)
The water moccasin resists with some effort.
* * * LOW HITPOINT WARNING * * *
You feel very sick. The water moccasin bites you!
You die...

#.# #<...........
#.####.##.P..#####
#......##8...#####
########....8.....
#.....#####
#..#####.##
#.#####...
###########.........
#.S@..$.........#.#.
#.#.###########.#.#.
#.... #.#.#. #.#.##
#.#.#. #.#.# #.#.#.
# #.# #.#.#. #.#
#.#... #.# ###. #.


You could see a water moccasin.

Vanquished Creatures
  3 yaks (D:6)
  Eustachio (D:4)
  A steam dragon (D:6)
  Duvessa (D:5)
  A hornet zombie (D:6)
  2 ogres
  A scorpion (D:4)
  A wyvern zombie (D:6)
  Dowan (D:5)
  2 water moccasin skeletons (D:6)
  A howler monkey (D:4)
  3 bullfrog zombies (D:6)
  2 hounds
  2 centaur skeletons (D:6)
  2 orc priests (D:3)
  3 bullfrog skeletons
  5 orc wizards (D:3)
  A scorpion zombie (D:4)
  3 killer bee zombies (D:6)
  A hound skeleton (D:4)
  A hound zombie (D:4)
  2 howler monkey zombies
  4 adders
  A howler monkey skeleton (D:6)
  A white imp (D:5)
  An ufetubus (D:6)
  An adder zombie (D:4)
  A worm (D:2)
  2 dart slugs
  9 orcs
  6 ball pythons
  6 bats
  9 endoplasms
  4 giant cockroaches
  10 goblins
  7 hobgoblins
  3 jackals
  3 kobolds
  2 quokkas (D:2)
  A quokka zombie (D:4)
  4 rats
115 creatures vanquished.

Vanquished Creatures (others)
  5 withered plants (D:6)
5 creatures vanquished.

Grand Total: 120 creatures vanquished

Notes
Turn   | Place    | Note
-------+----------+-------------------------------------------
     0 | D:1      | Lochraine the Spriggan Enchanter began the quest for the
                  | Orb.
     0 | D:1      | Reached XP level 1. HP: 9/9 MP: 5/5
   463 | D:1      | You fall into a shaft and drop 1 floor!
   492 | D:2      | Reached XP level 2. HP: 9/13 MP: 3/6
   758 | D:1      | Learned a level 2 spell: Ensorcelled Hibernation
  1557 | D:2      | Reached XP level 3. HP: 16/16 MP: 8/8
  1562 | D:2      | Reached skill level 5 in Stealth
  2359 | D:3      | Reached XP level 4. HP: 6/21 MP: 10/10
  2739 | D:3      | Reached skill level 1 in Ice Magic
  3011 | D:3      | Found a faded altar of an unknown god.
  3852 | D:3      | Reached XP level 5. HP: 22/24 MP: 11/11
  4097 | D:3      | Reached skill level 1 in Shields
  4265 | D:3      | Reached skill level 6 in Stealth
  4412 | D:4      | Reached XP level 6. HP: 28/28 MP: 13/13
  4502 | D:4      | Reached skill level 5 in Hexes
  5141 | D:4      | Found a runed translucent door.
  5141 | D:4      | Noticed Crazy Yiuf
  5180 | D:4      | Noticed Eustachio
  5478 | D:4      | Killed Eustachio
  5479 | D:4      | Reached XP level 7. HP: 17/32 MP: 14/14
  5683 | D:4      | Found an iron altar of Okawaru.
  5684 | D:4      | Found a shimmering blue altar of Sif Muna.
  5695 | D:4      | Became a worshipper of Sif Muna the Loreminder
  6074 | D:4      | Found a basalt altar of Yredelemnul.
  6310 | D:5      | Entered Level 5 of the Dungeon
  6334 | D:5      | Noticed Grinder
  6540 | D:5      | Found Rathrez's Weapon Shop.
  6719 | D:5      | Found a glowing golden altar of the Shining One.
  7284 | D:5      | Noticed Duvessa
  7284 | D:5      | Noticed Dowan
  7286 | D:5      | Killed Duvessa
  7287 | D:5      | Reached skill level 1 in Fighting
  7287 | D:5      | Reached skill level 7 in Stealth
  7288 | D:5      | Killed Dowan
  7485 | D:6      | Reached XP level 8. HP: 37/37 MP: 15/15
  7904 | D:6      | Found a snail-covered altar of Cheibriados.
  7905 | D:6      | Found a sacrificial altar of Ru.
  8308 | D:6      | Reached skill level 5 in Short Blades
  8308 | D:6      | Reached skill level 8 in Stealth
  8362 | D:6      | Reached * piety under Sif Muna
  8599 | D:6      | Learned a level 3 spell: Confusing Touch
  8603 | D:6      | Learned a level 3 spell: Tukima's Dance
  8925 | D:6      | Reached XP level 9. HP: 40/44 MP: 16/16
  9176 | D:6      | Reached skill level 9 in Stealth
  9395 | D:6      | Slain by a water moccasin

Illustrated notes

Levels and vault maps discovered:
D:1:      dpeg_arrival_rooms_with_view, layout_basic
D:2:      layout_loops_ring
D:3:      layout_basic, hellmonk_ecumenical_altar_dog_temple
D:4:      layout_loops_cross, mainiacjoe_overflow_large_starburst,
          nicolae_yredelemnul_corpse_copse, uniq_eustachio,
          uniq_crazy_yiuf_cottage
D:5:      layout_basic, mainiacjoe_overflow_six_doors_small, serial_shops, shop,
          kennysheep_generic_room_12, uniq_grinder, uniq_duvessa
D:6:      layout_basic, jmf_multi_god_temple, serial_undead, serial_undead_a,
          serial_undead_e, serial_undead_c, serial_undead_d, serial_undead_b,
          serial_undead_a, serial_undead_c, serial_undead_b,
          hangedman_decor_clover_reticule

Skill      XL: |  1  2  3  4  5  6  7  8  9 |
---------------+----------------------------+-----
Spellcasting   | 3 4 |  4.6
Hexes          | 4 5 6 7 |  7.3
Stealth        | 5 6 7 8 9 |  9.0
Short Blades   | 2 3 4 5 |  5.8
Ice Magic      | 1 2 |  2.1
Shields        | 1 2 3 |  3.5
Dodging        | 3 |  3.3
Fighting       | 1 3 |  3.1

Action                   |  1- 3 |  4- 6 |  7- 9 || total
-------------------------+-------+-------+-------++-------
Melee: Dagger            |   157 |   140 |    88 ||   385
       Mace              |       |    18 |       ||    18
       Rapier            |       |       |   168 ||   168
Throw: Stone             |     5 |       |     1 ||     6
 Cast: Corona            |    12 |     3 |     3 ||    18
       Ensorcelled Hiber |     9 |    29 |    25 ||    63
       Confusing Touch   |       |       |     1 ||     1
Evoke: Wand              |     2 |     1 |     1 ||     4
  Use: Potion            |     1 |     1 |       ||     2
       Scroll            |       |     6 |     3 ||     9
 Stab: Sleeping          |    17 |    20 |    15 ||    52
       Distracted        |     1 |       |       ||     1
       Confused          |       |       |     1 ||     1
Armor: Robe              |     8 |     8 |    18 ||    34
Dodge: Dodged            |   106 |   102 |   151 ||   359
Block: Buckler           |     8 |    39 |    68 ||   115
